 Seeded DCSS version 0.31-a0-544-gceb718ecc6 (webtiles) character file.

Game seed: 3826825538972431165 (custom seed)

27 innerfire43 the Insei (level 3, 28/28 HPs)
             Began as a Gnoll Shapeshifter on Aug 15, 2023.
             Got out of the dungeon alive.
             The game lasted 00:00:53 (706 turns).

innerfire43 the Insei (Gnoll Shapeshifter)           Turns: 706, Time: 00:00:54

Health: 28/28      AC:  2    Str: 14    XL:     3   Next: 10%
Magic:  3/3        EV: 13    Int:  7    God:
Gold:   668        SH:  0    Dex: 14    Spells: 3/3 levels left

rFire   . .          .
                       - Unarmed
rCold   . . .        (shield currently unavailable)
rNeg    . . .        a - +0 animal skin
rPois   .            (no helmet)
rElec   .            (no cloak)
rCorr   .            (no gloves)
SInv    .            (no boots)
Will    .....        (no amulet)
Stlth   +            (no ring)
HPRegen 0.24/turn    (no ring)
MPRegen 0.08/turn

%: no passive effects
@: flux-form, glowing
A: glow, contaminating, fangs 1, strong nose, distributed training
a: Begin Untransformation


You escaped.
You were something dangerously unstable.
You visited 1 branch of the dungeon, and saw 1 of its levels.

You collected 668 gold pieces.

Inventory:

Armour
 a - a +0 animal skin (worn)
Talismans
 c - a beast talisman
 d - a flux talisman (active)
Scrolls
 f - 2 scrolls of vulnerability {unknown}
 g - a scroll of amnesia {unknown}
 h - a scroll of brand weapon {unknown}
 j - a scroll of identify {unknown}
 k - a scroll of noise {unknown}
Potions
 b - a potion of lignification
 i - a potion of mutation {unknown}


   Skills:
 + Level 2.5 Fighting
 + Level 0.6 Short Blades
 + Level 0.6 Long Blades
 + Level 0.6 Axes
 + Level 0.6 Maces & Flails
 + Level 0.6 Polearms
 + Level 0.6 Staves
 + Level 0.6 Ranged Weapons
 + Level 0.6 Throwing
 + Level 0.6 Armour
 + Level 4.5 Dodging
 + Level 0.6 Stealth
 + Level 0.6 Shields
 + Level 6.5 Unarmed Combat
 + Level 0.6 Spellcasting
 + Level 0.4 Conjurations
 + Level 0.4 Hexes
 + Level 0.4 Summonings
 + Level 0.4 Necromancy
 + Level 0.4 Translocations
 + Level 0.4 Transmutations
 + Level 0.4 Fire Magic
 + Level 0.4 Ice Magic
 + Level 0.4 Air Magic
 + Level 0.4 Earth Magic
 + Level 0.4 Poison Magic
 + Level 0.8 Invocations
 + Level 0.6 Evocations
 + Level 6.5 Shapeshifting


You had 3 spell levels left.
You didn't know any spells.
Your spell library was empty.

Dungeon Overview and Level Annotations

Branches:
Dungeon (1/15)

Altars:


Innate Abilities, Weirdness & Mutations

You are something dangerously unstable.
You glow with magical radiation, making you easy to see and hit.
Foes you strike become dangerously contaminated with magical radiation.
You are incapable of wielding weapons or throwing items.
You have very sharp teeth.
Your uncanny sense of smell can sniff out nearby items.
Your experience applies equally to all skills.


Message History

The hobgoblin hits you.
A hobgoblin is nearby!
You hit the hobgoblin.
The hobgoblin shudders as magic cascades through it!
You kill the hobgoblin!
You see here a hobgoblin corpse.
You open the door.
There is an open door here.
You open the door.
There is an open door here.
As you open the door, it creaks loudly!
No target in view!
There is an open door here.
A rat comes into view.
A rat is nearby!
A rat is nearby!
The rat misses you.
A rat is nearby!
You hit the rat.
You kill the rat!
Done exploring.
No target in view!
Done exploring.
No target in view!
Done exploring.
No target in view!
Done exploring.
No target in view!
This is a scroll of acquirement!
Something appears at your feet!
You now have 668 gold pieces (gained 552).
Done exploring.
No target in view!
Done exploring.
No target in view!
Done exploring.
Done exploring.
No target in view!
There is a staircase leading out of the dungeon here.
You have escaped! #.P.PPPPP.PPP.PPP.PPPPP.P#.#.# ####[PP.PPP.PPP.P.PPP.PPP.PP..#.# .....PPP.PP.PP.PPP.PP.PP.PPP..#.# .....PPPP.....PPPPP.....PPPP#.#.# .....PPP.PP.PP.PPP.PP.PP.PPP..#.# .....P..PPP.PPP.P.PPP.PPP.PP#.#.# ..##.รท.PPPPP.PPP.PPP.PPPPP.P#.#.# ..##...PPPPPP.PP.PP.PPPPPP.P#.#.# ..##.P.PPPPPPP..B..PPPPPPP.P#.#.# ..##.P.PPPPPPPPP.PPPPPPPPP.P#.#.# ..##.P.PPPPPPPPP.PPPPPPPPP.P#.... ..##.PP.PPPPPPP.P.PPPPPPP.PP###.# ..##.PPP.PPPPP.PPP.PPPPP.PPP##..# ####.PPPP.....PPPPP.....PPPP...## .....PPPPPPPPPPPPPPPP.PPPPPP#..# ####.......................#...# #########...#####.........###

There were no monsters in sight!

Vanquished Creatures
  A dart slug (D:1)
  3 bats (D:1)
  3 endoplasms (D:1)
  3 giant cockroaches (D:1)
  2 goblins (D:1)
  A hobgoblin (D:1)
  2 kobolds (D:1)
  2 ball pythons (D:1)
  A frilled lizard (D:1)
  4 rats (D:1)
22 creatures vanquished.

Notes
Turn   | Place    | Note
-------+----------+-------------------------------------------
     0 | D:1      | innerfire43 the Gnoll Shapeshifter began the quest for the
                  | Orb.
     0 | D:1      | Reached XP level 1. HP: 17/17 MP: 1/1
   209 | D:1      | Reached XP level 2. HP: 19/23 MP: 2/2
   393 | D:1      | Reached XP level 3. HP: 23/28 MP: 3/3
   691 | D:1      | Identified a scroll of acquirement
   691 | D:1      | Acquired 552 gold pieces
   706 | D:$      | Got out of the dungeon alive.

Illustrated notes

Levels and vault maps discovered:
D:1:      roderic_crop_circles_arrival_large, layout_basic

Action                     || total
---------------------------++-------
  Melee: Unarmed           ||    51
         Bite              ||     3
    Use: Scroll            ||     1
 Armour: Animal skin       ||     9
  Dodge: Dodged            ||    31
   Form: Flux              ||     1

Table legend: (Time is in decaauts)
 A = Elapsed time spent in this place.
 B = Non-inter-level travel time spent in this place.
 C = Inter-level travel time spent in this place.
 D = Time resting spent in this place.
 E = Time spent auto-exploring this place.
 F = Levels seen in this place.
 G = Mean time per level.
                   A        B        C        D        E       F      G
               +--------+--------+--------+--------+--------+-----+--------+
         Total |    700 |    688 |     12 |      0 |    568 |   1 |  700.0 |
       Dungeon |    700 |    688 |     12 |      0 |    568 |   1 |  700.0 |
               +--------+--------+--------+--------+--------+-----+--------+

Top non-repeatable levels by time:
     D:1: 700 daAuts
